 Dungeon Sprint DCSS version 0.21-a0-273-g0785366 (webtiles) character file.

13631 Kidiri the Eclecticist (level 11, -9/65 HPs)
             Began as a Deep Elf Fire Elementalist on Sept 17, 2017.
             Was the Champion of Vehumet.
             Hit by a large rock thrown by Polyphemus (21 damage)
             ... in the Dungeon (Sprint III: "The Ten Rune Challenge").
             The game lasted 00:16:35 (2887 turns).

Kidiri the Eclecticist (Deep Elf Fire Elementalist) Turns: 2887, Time: 00:16:36

Health: -9/65      AC:  9    Str:  7    XL:     11   Next: 78%
Magic:  19/36      EV: 18    Int: 24    God:    Vehumet [******]
Gold:   145        SH:  0    Dex: 15    Spells: 9/49 levels left

rFire    . . .     SeeInvis .   D - +2 quarterstaff of Fimbulwinter {freeze, rPois}
rCold    . . .     Gourm    .   (shield currently unavailable)
rNeg     . . .     Faith    .   a - +0 robe
rPois    +         Spirit   .   (no helmet)
rElec    .         Reflect  .   l - +0 cloak
rCorr    .         Harm     .   k - +0 pair of gloves
MR       +....     NoTele   +   (no boots)
Stlth    ++........             (no amulet)
HPRegen  0.20/turn              (no ring)
MPRegen  0.25/turn              (no ring)

@: no status effects
A: iridescent scales 1, slimy green scales 1, strong 1
a: Renounce Religion


You were in the Dungeon.
You worshipped Vehumet.
Vehumet was exalted by your worship.
You were not hungry.

You visited 1 branch You collected 145 gold pieces.

Inventory:

Hand Weapons
 u - a +0 dagger
 D - the +2 quarterstaff of Fimbulwinter (weapon) {freeze, rPois}
   (You found it in the Dungeon)

   It has been specially enchanted to freeze those struck by it, causing extra
   injury to most foes and up to half again as much damage against particularly
   susceptible opponents.
   It can also slow down cold-blooded creatures.
   It protects you from poison.
Missiles
 v - 4 throwing nets (quivered)
Armour
 a - a +0 robe (worn)
 k - a +0 pair of gloves (worn)
 l - a +0 cloak (worn)
Wands
 b - a wand of flame (26/48)
Scrolls
 i - a scroll of blinking
 m - 2 scrolls of immolation
 n - a scroll of amnesia {unknown}
 o - 2 scrolls of remove curse {unknown}
 r - a scroll of torment {unknown}
 y - a scroll of enchant weapon {unknown}
Potions
 d - 2 potions of curing
 e - 2 potions of heal wounds
 f - a potion of haste
 g - 2 potions of magic
 h - a potion of berserk rage
 q - 2 potions of flight
 s - a potion of cancellation {unknown}
 t - 2 potions of mutation
 z - a potion of agility {unknown}
Comestibles
 c - 2 bread rations
 j - 3 chunks of flesh
 p - 24 royal jellies


   Skills:
 + Level 6.3 Fighting
 + Level 7.5 Short Blades
 + Level 6.1 Armour
 + Level 9.5 Dodging
 - Level 2.4 Stealth
 * Level 19.9 Spellcasting
 + Level 12.6 Conjurations
 + Level 13.2 Fire Magic
 + Level 6.0 Ice Magic
 + Level 8.1 Earth Magic
 + Level 7.8 Poison Magic


You had 9 spell levels left.
You knew the following spells:

 Your Spells              Type           Power        Failure   Level  Hunger
a - Flame Tongue          Conj/Fire      #####        0%          1    None
b - Throw Flame           Conj/Fire      ######       0%          2    None
c - Conjure Flame         Conj/Fire      ######..     1%          3    None
d - Inner Flame           Hex/Fire       ######..     1%          3    None
e - Sticky Flame          Conj/Fire      ######..     1%          4    None
f - Fireball              Conj/Fire      ######....   1%          5    None
g - Bolt of Magma         Conj/Fire/Erth ######....   1%          5    None
h - Bolt of Fire          Conj/Fire      ######....   1%          6    ###....
i - Throw Icicle          Conj/Ice       ######..     1%          4    None
j - Stone Arrow           Conj/Erth      ######       1%          3    None
k - Olgreb's Toxic Radia  Pois           ######..     1%          4    None


Dungeon Overview and Level Annotations

Branches:
Dungeon (1/1)

Altars:
Cheibriados
Dithmenos
Elyvilon
Fedhas
Gozag
Hepliaklqana
Kikubaaqudgha
Makhleb
Nemelex Xobeh
Okawaru
Qazlal
Ru
Sif Muna
Trog
Uskayaw
Vehumet
Wu Jian
Xom
Yredelemnul
Zin
The Shining One
Beogh
Jiyva
Lugonu

Annotations:
D exclusion: 7 doors, Ilsuiw, Polyphemus


Innate Abilities, Weirdness & Mutations

You are partially covered in iridescent scales. (AC +2)
You are partially covered in slimy green scales. (AC +2)
Your muscles are strong. (Str +2)


Message History

Unknown command.
You close the door.
Your toxic aura wanes.
Something unseen opens the door.
Casting: Bolt of Fire
Confirm with . or Enter, or press ? or * to list all spells.
Aiming: Conjure Flame
Press: ? - help, Dir - move target cursor The fire ignites!
Unknown command.
Casting: Conjure Flame
Confirm with . or Enter, or press ? or * to list all spells.
Aiming: Bolt of Fire
Press: ? - help, Shift-Dir - straight line, f - Polyphemus
Aim: Polyphemus (flame, moderately wounded, poisoned)
The bolt of fire hits Polyphemus.
Polyphemus is heavily wounded.
Polyphemus is engulfed in blazing flames.
Polyphemus throws a large rock.
The large rock hits you!!
You die...

#≈§§≈§§≈≈.♣♣♣♣♣♣♣#..♣♣
#≈≈≈≈≈≈≈≈≈♣ ♣..♣###'♣♣♣♣♣
####+###### ♣..♣♣♣♣.##..##
♣♣.♣..%##%##.#
############+♣♣♣.♣%##.##(##+
#≈P..........♣ ♣....#.##...#
..+≈≈...########♣♣♣...##.##.)#
.J#≈≈≈..........P.....##.#####
.J#≈≈≈≈P..PP(..@÷........# #
###########C############ ▓≈§§
▓≈§≈≈§ ▓≈§≈§C≈≈ ▓≈≈.§†.≈
▓≈≈≈..≈≈ ▓≈≈m≈≈≈≈


You could see Polyphemus.

Vanquished Creatures
  Erolcha (D)
  4 death yaks (D)
  Urug (D)
  A lindwurm (D)
  A deep elf mage (D)
  2 black mambas (D)
  A rime drake (D)
  2 spiny frogs (D)
  A komodo dragon (D)
  3 wandering mushrooms (D)
  A queen bee (D)
  2 tyrant leeches (D)
  8 blink frogs (D)
  3 dream sheep (D)
  A shadow (D)
  5 redbacks (D)
  A spatial vortex (D)
  A swamp drake (D)
  A fire dragon simulacrum (D)
  A necrophage (D)
  A black mamba simulacrum (D)
  5 two-headed ogres (D)
  A water elemental (D)
  32 killer bees (D)
  A jelly (D)
  Crazy Yiuf (D)
  A wizard (D)
  A necromancer (D)
  A polar bear simulacrum (D)
  A wolf simulacrum (D)
  3 humans (D)
  A kobold demonologist (D)
  4 rats (D)
  4 plants (D)
98 creatures vanquished.

Vanquished Creatures (others)
  2 draconian scorchers (D)
  6 hellions (D)
  2 yaktaurs (D)
  An electric eel (D)
  A plant (D)
12 creatures vanquished.

Grand Total: 110 creatures vanquished

Notes
Turn   | Place    | Note
-------+----------+-------------------------------------------
     0 | D        | Kidiri the Deep Elf Fire Elementalist began the quest for the Orb.
     0 | D        | Reached XP level 1. HP: 10/10 MP: 6/6
     9 | D        | Killed a yaktaur
    82 | D        | Killed a hellion
    86 | D        | Killed a hellion
    88 | D        | Reached skill level 4 in Spellcasting
   116 | D        | Noticed Crazy Yiuf
   118 | D        | Killed a hellion
   118 | D        | Killed a hellion
   124 | D        | Killed Crazy Yiuf
   124 | D        | Reached skill level 6 in Spellcasting
   124 | D        | Reached XP level 2. HP: 15/15 MP: 4/11
   124 | D        | Reached XP level 3. HP: 19/19 MP: 4/12
   124 | D        | Killed a hellion
   127 | D        | Killed a hellion
   128 | D        | Learned a level 2 spell: Throw Flame
   132 | D        | Learned a level 3 spell: Conjure Flame
   136 | D        | Learned a level 3 spell: Inner Flame
   167 | D        | Killed a white draconian scorcher
   191 | D        | Reached skill level 7 in Spellcasting
   191 | D        | Reached skill level 5 in Fire Magic
   213 | D        | Gained mutation: Your muscles are strong. (Str +2) [potion of mutation]
   213 | D        | Gained mutation: You have a pair of small antennae on your head. [potion of mutation]
   213 | D        | Gained mutation: You are somewhat resistant to further mutation. [potion of mutation]
   214 | D        | Lost mutation: You have a pair of small antennae on your head. [potion of mutation]
   214 | D        | Lost mutation: You are somewhat resistant to further mutation. [potion of mutation]
   214 | D        | Gained mutation: You are partially covered in slimy green scales. (AC +2) [potion of mutation]
   214 | D        | Gained mutation: You are partially covered in iridescent scales. (AC +2) [potion of mutation]
   224 | D        | Killed a white draconian scorcher
   246 | D        | Noticed a water elemental
   249 | D        | Killed a water elemental
   249 | D        | Reached skill level 8 in Spellcasting
   249 | D        | Reached skill level 5 in Conjurations
   249 | D        | Reached XP level 4. HP: 24/24 MP: 9/16
   255 | D        | Learned a level 4 spell: Sticky Flame
   294 | D        | Found a radiant altar of Vehumet.
   295 | D        | Found a deep blue altar of Sif Muna.
   295 | D        | Found an ancient bone altar of Kikubaaqudgha.
   295 | D        | Noticed a wizard
   298 | D        | Killed a wizard
   298 | D        | Reached skill level 9 in Spellcasting
   299 | D        | Reached XP level 5. HP: 28/28 MP: 8/19
   309 | D        | Learned a level 5 spell: Fireball
   320 | D        | Became a worshipper of Vehumet
   370 | D        | Found a glowing silver altar of Zin.
   371 | D        | Found a glowing golden altar of the Shining One.
   371 | D        | Found a white marble altar of Elyvilon.
   371 | D        | Noticed a deep elf mage
   374 | D        | Noticed a fire elemental
   375 | D        | Killed a deep elf mage
   375 | D        | Reached skill level 13 in Spellcasting
   375 | D        | Reached XP level 6. HP: 29/32 MP: 13/24
   375 | D        | Reached XP level 7. HP: 33/36 MP: 14/26
   436 | D        | Found an ornate altar of the Wu Jian Council.
   436 | D        | Found a roughly hewn altar of Beogh.
   436 | D        | Found an iron altar of Okawaru.
   436 | D        | Found a bloodstained altar of Trog.
   436 | D        | Found a hide-covered altar of Uskayaw.
   436 | D        | Noticed a human
   439 | D        | Noticed a human
   447 | D        | Killed a human
   447 | D        | Reached skill level 14 in Spellcasting
   447 | D        | Killed a human
   447 | D        | Reached * piety under Vehumet
   447 | D        | Offered knowledge of Magic Dart by Vehumet.
   499 | D        | Found a basalt altar of Yredelemnul.
   499 | D        | Found a shadowy altar of Dithmenos.
   499 | D        | Found a sacrificial altar of Ru.
   505 | D        | Reached skill level 15 in Spellcasting
   505 | D        | Reached skill level 10 in Fire Magic
   573 | D        | Noticed a shadow
   602 | D        | Offered knowledge of Shock by Vehumet.
   602 | D        | Reached ** piety under Vehumet
   639 | D        | Noticed a spatial vortex
   640 | D        | Killed a shadow
   640 | D        | Reached XP level 8. HP: 41/41 MP: 21/29
   645 | D        | Found a blossoming altar of Fedhas.
   646 | D        | Found a stormy altar of Qazlal.
   652 | D        | Found a snail-covered altar of Cheibriados.
   652 | D        | Found a burning altar of Makhleb.
   652 | D        | Found a hazy altar of Hepliaklqana.
   652 | D        | Found a shimmering altar of Xom.
   652 | D        | Found an opulent altar of Gozag.
   652 | D        | Found a sparkling altar of Nemelex Xobeh.
   652 | D        | Found a corrupted altar of Lugonu.
   652 | D        | Found a viscous altar of Jiyva.
   671 | D        | Reached skill level 10 in Conjurations
   786 | D        | Offered knowledge of Stone Arrow by Vehumet.
   786 | D        | Reached skill level 16 in Spellcasting
   786 | D        | Reached *** piety under Vehumet
   791 | D        | Learned a level 3 spell: Stone Arrow
   904 | D        | Noticed a two-headed ogre
   912 | D        | Killed a two-headed ogre
   912 | D        | Offered knowledge of Olgreb's Toxic Radiance by Vehumet.
   912 | D        | Reached skill level 1 in Fighting
   912 | D        | Reached skill level 1 in Short Blades
   912 | D        | Reached skill level 1 in Armour
   912 | D        | Reached skill level 1 in Earth Magic
   918 | D        | Learned a level 4 spell: Olgreb's Toxic Radiance
  1013 | D        | Noticed a two-headed ogre
  1013 | D        | Noticed Erolcha
  1020 | D        | Killed Erolcha
  1020 | D        | Reached skill level 17 in Spellcasting
  1020 | D        | Reached XP level 9. HP: 19/49 MP: 14/32
  1022 | D        | Killed a two-headed ogre
  1022 | D        | Reached **** piety under Vehumet
  1051 | D        | Killed a yaktaur
  1208 | D        | Offered knowledge of Bolt of Magma by Vehumet.
  1208 | D        | Reached skill level 5 in Dodging
  1217 | D        | Learned a level 5 spell: Bolt of Magma
  1285 | D        | Noticed a queen bee
  1288 | D        | Reached ***** piety under Vehumet
  1288 | D        | Offered knowledge of Throw Icicle by Vehumet.
  1291 | D        | Killed a queen bee
  1291 | D        | Reached skill level 5 in Earth Magic
  1291 | D        | Reached XP level 10. HP: 23/56 MP: 19/33
  1292 | D        | Reached ****** piety under Vehumet
  1298 | D        | Reached skill level 18 in Spellcasting
  1592 | D        | Learned a level 4 spell: Throw Icicle
  1607 | D        | Offered knowledge of Bolt of Draining by Vehumet.
  1644 | D        | Reached skill level 1 in Ice Magic
  1645 | D        | Reached skill level 5 in Poison Magic
  1701 | D        | Noticed a spiny frog
  1701 | D        | Noticed a spiny frog
  1703 | D        | Killed a spiny frog
  1703 | D        | Reached skill level 5 in Short Blades
  1703 | D        | Killed a spiny frog
  1831 | D        | Noticed a lindwurm
  1833 | D        | Killed a lindwurm
  1833 | D        | Reached skill level 5 in Fighting
  1838 | D        | Offered knowledge of Irradiate by Vehumet.
  1998 | D        | Noticed Urug
  2002 | D        | Killed Urug
  2002 | D        | Reached skill level 5 in Armour
  2002 | D        | Reached XP level 11. HP: 20/64 MP: 17/35
  2175 | D        | Got an ancient quarterstaff
  2191 | D        | Learned a level 6 spell: Bolt of Fire
  2191 | D        | Identified the +2 quarterstaff of Fimbulwinter {freeze, rPois} (You found it in the Dungeon)
  2298 | D        | Reached skill level 19 in Spellcasting
  2410 | D        | Offered knowledge of Venom Bolt by Vehumet.
  2634 | D        | Noticed a death yak
  2634 | D        | Noticed a death yak
  2636 | D        | Noticed a death yak
  2638 | D        | Killed a death yak
  2638 | D        | Reached skill level 5 in Ice Magic
  2639 | D        | Noticed a death yak
  2655 | D        | Killed a death yak
  2657 | D        | Killed a death yak
  2657 | D        | Killed a death yak
  2658 | D        | Offered knowledge of Ozocubu's Refrigeration by Vehumet.
  2689 | D        | Noticed an azure jelly
  2689 | D        | Noticed an azure jelly
  2877 | D        | Noticed Polyphemus
  2882 | D        | Noticed Ilsuiw
  2887 | D        | Hit by a large rock thrown by Polyphemus

Vault maps used:
D:        dungeon_sprint_mu

Skill      XL: |  1  2  3  4  5  6  7  8  9 10 11 |
---------------+----------------------------------+-----
Spellcasting   | 6 8 9 13 15 17 18 19 | 19.9
Conjurations   | 3 5 8 9 10 11 12 | 12.6
Fire Magic     | 4 5 6 9 10 11 12 13 | 13.2
Fighting       | 2 3 5 6 |  6.3
Short Blades   | 3 4 6 7 |  7.5
Armour         | 2 3 5 6 |  6.1
Dodging        | 4 6 8 9 |  9.5
Earth Magic    | 3 5 6 8 |  8.1
Poison Magic   | 2 4 6 7 |  7.8
Ice Magic      | 3 6 |  6.0
Stealth        | |  2.4

Action                   |  1- 3 |  4- 6 |  7- 9 | 10-12 || total
-------------------------+-------+-------+-------+-------++-------
Melee: Unarmed           |     1 |       |       |       ||     1
       Dagger            |       |       |       |     2 ||     2
       Quarterstaff      |       |       |       |     2 ||     2
 Cast: Flame Tongue      |    17 |     2 |    48 |       ||    67
       Conjure Flame     |     1 |       |     8 |     4 ||    13
       Sticky Flame      |       |     3 |     4 |     3 ||    10
       Inner Flame       |       |       |     6 |       ||     6
       Stone Arrow       |       |       |     6 |     3 ||     9
       Olgreb's Toxic Ra |       |       |     5 |     4 ||     9
       Bolt of Magma     |       |       |     4 |    18 ||    22
       Throw Icicle      |       |       |       |     4 ||     4
       Bolt of Fire      |       |       |       |    26 ||    26
       Fireball          |       |       |       |     1 ||     1
  Use: Potion            |     2 |       |       |     1 ||     3
       Scroll            |     2 |       |       |       ||     2
 Stab: Sleeping          |       |       |       |     2 ||     2
  Eat: Chunk             |       |       |     1 |       ||     1
       Royal jelly       |       |       |       |     5 ||     5
Armor: Robe              |       |     1 |     1 |     3 ||     5
Dodge: Dodged            |     6 |     4 |    13 |    27 ||    50

Table legend:
 A = Spawn XP
 B = Non-spawn XP
 C = Spawn XP percentage of total XP
 D = Spawn monster count
 E = Non-spawn monster count
 F = Spawn count percentage of total count
 G = Total turns spent on level
                    A         B        C        D         E        F      G
               +---------+---------+-------+---------+---------+-------+---------
         Total |       0 |   19473 |   0.0 |       0 |      94 |   0.0 |  2887
               +---------+---------+-------+---------+---------+-------+---------
             D |       0 |   19473 |   0.0 |       0 |      94 |   0.0 |  2887
               +---------+---------+-------+---------+---------+-------+---------
